 Dungeon Crawl Stone Soup version 0.29.1-12-g30fa7ad0bf (webtiles) character file.

Game seed: 685626826281942584

1595 cowcol the Cudgeller (level 8, -1/61 HPs)
             Began as a Minotaur Monk on Jan 16, 2023.
             Was a Believer of Hepliaklqana.
             Killed from afar by an electric eel (9 damage)
             ... with a bolt of electricity
             ... on level 6 of the Dungeon.
             The game lasted 00:13:52 (5461 turns).

cowcol the Cudgeller (Minotaur Monk)                Turns: 5461, Time: 00:13:52

Health: -1/61      AC: 17    Str: 19    XL:     8   Next: 62%
Magic:  7/7        EV:  9    Int:  7    God:    Hepliaklqana [**....]
Gold:   290        SH:  0    Dex: 12    Spells: 7/7 levels left

rFire   + + .      SeeInvis .   k - +11 mace "Bumudgh" {vorpal, rF++}
rCold   . . .      Faith    .   (no shield)
rNeg    . . .      Spirit   .   z - +0 chain mail
rPois   .          Reflect  .   (helmet restricted)
rElec   .          Harm     .   q - +2 cloak {Will+}
rCorr   .          Rampage  .   (no gloves)
Will    +....                   (no boots)
Stlth   ..........              w - amulet of the acrobat
HPRegen 0.20/turn               n - +4 ring of protection
MPRegen 0.10/turn               (no ring)

@: confused, ambrosia-drunk, very slow
A: reduced essence, horns 2, retaliatory headbutt
a: Renounce Religion, Recall Ancestor, Ancestor Identity


You were on level 6 of the Dungeon.
You worshipped Hepliaklqana.
Hepliaklqana was pleased with you.
You visited 2 branches of the dungeon, and saw 7 of its levels.

You collected 290 gold pieces.

Inventory:

Hand Weapons
 a - a +0 hand axe
 b - a +0 halberd of venom
 g - a +0 dagger
 k - the +11 mace "Bumudgh" (weapon) {vorpal, rF++}
   (You found it on level 2 of the Dungeon)

   It inflicts extra damage upon your enemies.
   rF:        It greatly protects you from fire.
 p - a +0 falchion
 E - a +0 long sword
Missiles
 h - 55 stones
 A - 11 poisoned darts (quivered)
 C - a throwing net
Armour
 e - a +0 scale mail
 q - a +2 cloak of willpower (worn)
 z - a +0 chain mail (worn)
 F - a +0 plate armour
Jewellery
 n - a +4 ring of protection (left hand)
 r - an amulet of magic regeneration
 u - a ring of willpower
 w - an amulet of the acrobat (around neck)
 J - a ring of flight
Wands
 y - a wand of flame (6)
 L - a wand of polymorph (3)
Scrolls
 i - 3 scrolls of teleportation
 t - a scroll of torment {unknown}
 D - 2 scrolls of summoning
 G - a scroll of blinking {unknown}
 H - a scroll of magic mapping {unknown}
 I - a scroll of enchant armour {unknown}
 K - a scroll of brand weapon {unknown}
Potions
 d - 2 potions of heal wounds
 f - a potion of berserk rage {unknown}
 j - a potion of cancellation {unknown}
 l - a potion of magic {unknown}
 m - 2 potions of brilliance
 o - 5 potions of curing
 s - 2 potions of haste {unknown}
 v - a potion of lignification {unknown}
 x - a potion of might {unknown}
 B - 2 potions of degeneration {unknown}


   Skills:
 + Level 5.3 Fighting
 * Level 5.1 Long Blades
 + Level 5.0(6.8) Axes
 + Level 7.1(7.9) Maces & Flails
 - Level 1.4 Throwing
 + Level 6.1 Armour
 + Level 4.2 Dodging
 + Level 2.4 Stealth


You had 7 spell levels left.
You didn't know any spells.
Your spell library contained the following spells:

 Spells                   Type           Power      Damage    Failure   Level
 Beastly Appendage        Tmut           0%         N/A       99%         1
 Magic Dart               Conj           0%         1d3       99%         1
 Summon Small Mammal      Summ           0%         N/A       99%         1
 Call Imp                 Summ           0%         N/A       100%        2
 Mephitic Cloud           Conj/Pois/Air  0%         N/A       100%        3
 Portal Projectile        Hex/Tloc       0%         N/A       100%        3
 Tukima's Dance           Hex            0%         N/A       100%        3
 Ice Form                 Ice/Tmut       0%         N/A       100%        4
 Petrify                  Tmut/Erth      0%         N/A       100%        4
 Alistair's Intoxication  Tmut/Pois      0%         N/A       100%        5
 Blade Hands              Tmut           0%         N/A       100%        5


Dungeon Overview and Level Annotations

Branches:
Dungeon (6/15)             Temple (1/1) D:5

Altars:
Cheibriados
Elyvilon
Fedhas
Gozag
Hepliaklqana
Kikubaaqudgha
Nemelex Xobeh
Sif Muna
Vehumet
Wu Jian
Xom
Yredelemnul


Innate Abilities, Weirdness & Mutations

Your life essence is reduced to manifest your ancestor. (-10% HP)
You have a pair of horns on your head.
You reflexively headbutt those who attack you in melee.


Message History

Artakama closely misses the electric eel.
Your unstable footing causes you to fumble your attack.
The electric eel shoots out a bolt of lightning at you!
The bolt of electricity hits the electric eel.
The electric eel completely resists.
The bolt of electricity hits you!
* * * LOW HITPOINT WARNING * * *
The bolt of electricity hits you!
* * * LOW HITPOINT WARNING * * *
The electric eel shoots out a bolt of lightning at Artakama!
The bolt of electricity hits Artakama!
Artakama is destroyed!
You feel much better.
The electric eel shoots out a bolt of lightning at you!
The bolt of electricity hits you.
* * * LOW HITPOINT WARNING * * *
The bolt of electricity hits you!
* * * LOW HITPOINT WARNING * * *
The bolt of electricity hits the electric eel.
The electric eel completely resists.
You feel much better.
The electric eel shoots out a bolt of lightning at you!
The bolt of electricity misses you. The bolt of electricity hits you!
The bolt of electricity hits the electric eel.
The electric eel completely resists.
The bolt of electricity hits the electric eel.
The electric eel completely resists.
The electric eel shoots out a bolt of lightning at you!
The bolt of electricity hits the electric eel.
The electric eel completely resists.
The bolt of electricity hits you.
* * * LOW HITPOINT WARNING * * *
The bolt of electricity hits you!
* * * LOW HITPOINT WARNING * * *
The bolt of electricity hits the electric eel.
The electric eel completely resists.
Okay, then.
You are confused.
You feel invigorated.
The electric eel shoots out a bolt of lightning at you!
The bolt of electricity hits you!
You die...

##.....###.........####
##†.#.###............#
###...#..).............#
.##.#...###............#
.....##.# ###..#..#....#
......#.###....#.......#
....#.#.##......#......#
>...#.#..~P♣♣♣♣~~P#..###
....#♣~~♣~♣ ♣~@♣♣♣♣♣
.#~♣♣♣P♣P~ ♣~~S~♣
.#♣♣♣~~♣~ ≈P~~≈S~~~
.~♣~~~♣~ ≈≈≈≈≈≈≈≈~~~♣
♣~♣~~~P ≈≈≈≈≈≈≈≈≈~~PP
♣~~~~♣P ≈≈≈≈≈≈≈≈≈≈~~~~
♣~~~~~~ ≈≈≈≈≈≈≈≈≈≈≈~~~~
~~~~~~~ ≈≈≈≈≈≈≈≈≈≈~~~♣~
♣♣~~~


You could see 2 electric eels.

Vanquished Creatures
  An ice beast (D:4)
  A black bear (D:4)
  3 ogres
  A phantom (D:4)
  Blork the orc (D:5)
  2 bullfrogs (D:6)
  A gnoll sergeant (D:6)
  4 scorpions
  3 jellies (D:3)
  Crazy Yiuf (D:3)
  A gnoll bouda (D:6)
  Natasha (thrice) (D:2)
  2 iguanas
  Robin (D:4)
  6 gnolls
  4 adders
  An ufetubus (D:5)
  A worm (D:3)
  4 dart slugs
  11 endoplasms
  9 hobgoblins
  3 quokkas
  7 ball pythons
  4 bats
  A frilled lizard (D:1)
  9 goblins
  14 kobolds
  4 rats
103 creatures vanquished.

Vanquished Creatures (collateral kills)
  An ice beast (D:6)
  A gnoll (D:6)
  An adder (D:6)
  An orc (D:6)
4 creatures vanquished.

Vanquished Creatures (others)
  5 dream sheep (D:4)
  A battlemage (D:6)
  3 fungi (D:3)
  4 plants
  8 toadstools (D:3)
21 creatures vanquished.

Grand Total: 128 creatures vanquished

Notes
Turn   | Place    | Note
-------+----------+-------------------------------------------
     0 | D:1      | cowcol the Minotaur Monk began the quest for the Orb.
     0 | D:1      | Reached XP level 1. HP: 19/19 MP: 0/0
   294 | D:1      | Reached XP level 2. HP: 25/27 MP: 1/1
   397 | D:1      | Found a faded altar of an unknown god.
  1118 | D:2      | Reached skill level 1 in Armour
  1118 | D:2      | Reached XP level 3. HP: 27/33 MP: 2/2
  1547 | D:2      | Noticed Natasha
  1576 | D:2      | Identified the +11 mace "Bumudgh" {vorpal, rF++}
  1582 | D:2      | Killed Natasha
  1584 | D:2      | Noticed Natasha
  1589 | D:2      | Killed Natasha
  1590 | D:2      | Reached XP level 4. HP: 38/40 MP: 3/3
  1743 | D:2      | Noticed Natasha
  1745 | D:2      | Killed Natasha
  2077 | D:3      | Reached skill level 1 in Maces & Flails
  2077 | D:3      | Reached XP level 5. HP: 44/46 MP: 4/4
  2078 | D:3      | Reached skill level 1 in Long Blades
  2080 | D:3      | Reached skill level 5 in Axes
  2114 | D:3      | Got the Papyrus of Transmigration
  2220 | D:3      | Found a runed translucent door.
  2221 | D:3      | Noticed Crazy Yiuf
  2229 | D:3      | Killed Crazy Yiuf
  2230 | D:3      | Reached skill level 2 in Maces & Flails
  2599 | D:3      | Found a blossoming altar of Fedhas.
  2847 | D:3      | Reached XP level 6. HP: 52/52 MP: 5/5
  3459 | D:4      | Reached skill level 3 in Maces & Flails
  3516 | D:4      | Reached skill level 1 in Throwing
  3543 | D:4      | Noticed a dream sheep
  3543 | D:4      | Noticed a dream sheep
  3543 | D:4      | Noticed a dream sheep
  3543 | D:4      | Noticed a dream sheep
  3543 | D:4      | Noticed a dream sheep
  3543 | D:4      | Found a shimmering altar of Xom.
  3548 | D:4      | Killed a dream sheep
  3548 | D:4      | Killed a dream sheep
  3548 | D:4      | Killed a dream sheep
  3548 | D:4      | Killed a dream sheep
  3548 | D:4      | Killed a dream sheep
  3593 | D:4      | Noticed an ice beast
  3605 | D:4      | Killed an ice beast
  3606 | D:4      | Reached skill level 4 in Maces & Flails
  3606 | D:4      | Reached XP level 7. HP: 47/60 MP: 6/6
  4027 | D:4      | Found an ornate altar of the Wu Jian Council.
  4062 | D:4      | Noticed Robin
  4066 | D:4      | Killed Robin
  4185 | D:5      | Entered Level 5 of the Dungeon
  4262 | D:5      | Noticed Blork the orc
  4289 | D:5      | Killed Blork the orc
  4290 | D:5      | Reached skill level 5 in Maces & Flails
  4290 | D:5      | Reached skill level 5 in Armour
  4369 | D:5      | Found a white marble altar of Elyvilon.
  4612 | D:5      | Found an opulent altar of Gozag.
  4639 | D:5      | Found an ancient bone altar of Kikubaaqudgha.
  4649 | D:5      | Found a shimmering blue altar of Sif Muna.
  4651 | D:5      | Found a radiant altar of Vehumet.
  4656 | D:5      | Got Sif Muna's Codex of Generation
  4695 | D:5      | Found a staircase to the Ecumenical Temple.
  4699 | Temple   | Entered the Ecumenical Temple
  4708 | Temple   | Became a worshipper of Hepliaklqana the Forgotten
  4708 | Temple   | Reached * piety under Hepliaklqana
  4708 | Temple   | Reached ** piety under Hepliaklqana
  4709 | Temple   | Remembered your ancestor Artakama as a battlemage
  4952 | D:6      | Reached XP level 8. HP: 47/60 MP: 7/7
  5086 | D:6      | Reached skill level 5 in Fighting
  5086 | D:6      | Reached skill level 6 in Maces & Flails
  5206 | D:6      | Found a sparkling altar of Nemelex Xobeh.
  5383 | D:6      | Reached skill level 5 in Long Blades
  5416 | D:6      | Reached skill level 7 in Maces & Flails
  5458 | D:6      | HP: 2/61 [electric eel/bolt of electricity (11)]
  5461 | D:6      | Killed from afar by an electric eel

Illustrated notes

Levels and vault maps discovered:
D:1:      evilmike_arrival_plus, layout_loops_corners,
          shapermc_ecumenical_altar_mp_ritualfount, nicolae_figureground_pulse
D:2:      layout_loops_cross, uniq_natasha
D:3:      cheibrodos_fertilizer, layout_basic, fedhas_altar_2,
          uniq_crazy_yiuf_cottage
D:4:      layout_gridville, kb_xom_exploding_sheep, mainiacjoe_overflow_paths,
          uniq_robin
D:5:      layout_loops_ring, grunt_temple_overflow_magic_moments,
          mainiacjoe_overflow_cross_hatched, mainiacjoe_overflow_24_doors,
          temple_statues, uniq_blork_the_orc
D:6:      layout_rooms, nemelex_spade_bored_becter, tso_metal_star,
          serial_bayou_lake_a
Temple:   nicolae_temple_bog_church

Skill      XL: |  1  2  3  4  5  6  7  8 |
---------------+-------------------------+-----
Axes           | 4 5 |  5.0
Armour         | 1 2 3 4 5 6 |  6.1
Fighting       | 4 5 |  5.3
Maces & Flails | 1 2 4 5 7 |  7.1
Long Blades    | 1 2 4 5 |  5.1
Throwing       | 1 |  1.4
Stealth        | 2 |  2.4
Dodging        | 4 |  4.2

Action                   |  1- 3 |  4- 6 |  7- 9 || total
-------------------------+-------+-------+-------++-------
Melee: Hand axe          |    52 |       |       ||    52
       Headbutt          |     7 |     6 |    10 ||    23
       Mace              |     5 |    60 |    72 ||   137
       Punch             |       |       |     1 ||     1
Throw: Stone             |    15 |     5 |       ||    20
       Dart              |       |     2 |    17 ||    19
Invok: Ancestor Life: Ba |       |       |     1 ||     1
  Use: Scroll            |     2 |       |     5 ||     7
       Potion            |       |     1 |     4 ||     5
Armor: Scale mail        |    26 |    19 |       ||    45
       Chain mail        |       |     6 |    60 ||    66
Dodge: Dodged            |    25 |    29 |    39 ||    93
